Newfoundland Shamrocks vs Philadelphia Phantoms
Created - Wednesday, April 12, 2023 at 07:14
Goals
|
| Newfoundland Shamrocks |
0 |
0 |
1 |
1 |
| Philadelphia Phantoms |
2 |
3 |
0 |
5 |
|
Shots
|
| Newfoundland Shamrocks |
7 |
7 |
15 |
29 |
| Philadelphia Phantoms |
13 |
18 |
13 |
44 |
|
1st period
1. Philadelphia Phantoms , Jaret Anderson-Dolan 9 (Noah Juulsen 7) at 11:26
2. Philadelphia Phantoms , Blake Lizotte 17 (Alexander Holtz 9) at 17:18
Penalties :
Sean Monahan (NFS) for Hooking (Minor) at 4:45, Casey Fitzgerald (PHI) for Tripping (Minor) at 9:06, Alec Regula (NFS) for Cross-checking (Minor) at 12:21, Alec Regula (NFS) for Roughing (Minor) at 19:27
2nd period
3. Philadelphia Phantoms , Alexander Holtz 10 (Nick Cousins 17, Blake Lizotte 25) at 0:16 (PP)
4. Philadelphia Phantoms , Nick Cousins 16 (Blake Lizotte 26) at 5:22
5. Philadelphia Phantoms , Alexander Holtz 11 (Nick Cousins 18, Blake Lizotte 27) at 8:24
Penalties :
Jaret Anderson-Dolan (PHI) for Fighting (Major) at 0:50, Max Comtois (NFS) for Fighting (Major) at 0:50, Max Comtois (NFS) for instigated a fight (Minor) at 0:50, Max Comtois (NFS) for instigated a fight (10 Minutes Misconduct) at 0:50, Sean Monahan (NFS) for Hooking (Minor) at 8:29, Ville Heinola (NFS) for Holding (Minor) at 14:31
3rd period
6. Newfoundland Shamrocks , Filip Hallander 4 (Tanner Laczynski 15, Ville Heinola 7) at 0:44 (SH)
Penalties :
Dylan Coghlan (NFS) for Roughing (Minor) at 0:03, Alec Regula (NFS) for Holding (Minor) at 2:17, Casey Fitzgerald (PHI) for Fighting (Major) at 10:40, Nicolas Deslauriers (NFS) for Fighting (Major) at 10:40, Casey Fitzgerald (PHI) for instigated a fight (Minor) at 10:40, Casey Fitzgerald (PHI) for instigated a fight (10 Minutes Misconduct) at 10:40
Goalie Stats
Dustin Tokarski (NFS), 11 saves from 15 shots - (0.733), L, 4-6-0, 25:22 minutes
Louis Domingue (NFS), 28 saves from 29 shots - (0.966), 34:38 minutes
Dereck Baribeau (PHI), 28 saves from 29 shots - (0.966), W, 5-4-1, 60:00 minutes
Players Stats for Newfoundland Shamrocks
Player Name G A P +/- PIM S H SB GA TA FO MP PP MP PK MP
------------------------------------------------------------------------------------
Alec Regula 0 0 0 -1 6 1 1 1 0 0 0/0 18:26 0:00 3:54
Alex Chiasson 0 0 0 -2 0 1 0 0 1 1 0/1 16:17 2:17 1:21
Denis Gurianov 0 0 0 -1 0 4 0 0 2 0 0/0 13:36 1:41 0:00
Drew O'Connor 0 0 0 0 0 3 1 1 0 0 0/0 19:10 0:00 8:28
Dylan Coghlan 0 0 0 -1 2 0 0 0 0 0 0/0 24:28 0:00 7:29
Filip Hallander 1 0 1 1 0 1 0 0 0 0 0/1 12:33 0:00 5:24
Jacob Bernard-Docker 0 0 0 -3 0 1 0 0 0 1 0/0 13:13 2:35 0:00
Jon Merrill 0 0 0 0 0 1 2 1 0 1 0/0 26:14 0:00 9:08
Max Comtois 0 0 0 -2 17 3 2 0 1 0 0/0 11:29 2:17 0:00
Nicolas Deslauriers 0 0 0 -2 5 0 3 0 1 0 2/4 14:30 0:40 2:47
Raphael Lavoie 0 0 0 -3 0 0 2 0 0 0 7/16 14:49 2:17 0:07
Riley Barber 0 0 0 0 0 3 0 0 0 1 0/0 11:49 1:41 0:00
Sam Poulin 0 0 0 0 0 2 1 0 0 0 0/0 9:21 2:20 0:00
Sean Monahan 0 0 0 -2 4 3 1 1 0 0 14/27 19:09 0:00 5:49
Semyon Der-Arguchintsev 0 0 0 0 0 3 0 1 0 0 1/3 8:49 1:41 0:00
Tanner Laczynski 0 1 1 1 0 0 2 0 0 0 4/10 15:57 0:00 5:28
Ville Heinola 0 1 1 -1 2 2 1 2 1 1 0/0 18:51 1:23 3:19
Wyatte Wylie 0 0 0 0 0 1 0 1 0 0 0/0 16:28 0:58 5:34
Players Stats for Philadelphia Phantoms
Player Name G A P +/- PIM S H SB GA TA FO MP PP MP PK MP
------------------------------------------------------------------------------------
Adam Ruzicka 0 0 0 0 0 3 1 0 4 0 0/1 16:56 7:21 0:00
Alex Steeves 0 0 0 0 0 0 1 0 0 1 6/9 12:13 0:00 1:55
Alexander Holtz 2 1 3 2 0 4 1 0 0 1 0/0 18:37 6:49 1:54
Blake Lizotte 1 3 4 2 0 3 2 0 0 0 12/21 19:10 6:49 1:54
Brad Hunt 0 0 0 1 0 0 2 0 0 1 0/0 24:16 7:06 1:51
Brett Murray 0 0 0 1 0 1 2 0 0 0 0/1 10:36 0:00 0:09
Casey Fitzgerald 0 0 0 1 19 1 1 0 0 0 0/0 9:48 0:00 0:00
Derrick Pouliot 0 0 0 1 0 1 0 1 0 2 0/0 25:22 7:36 2:02
Erik Gustafsson 0 0 0 1 0 4 1 1 0 1 0/0 21:53 7:36 0:00
Jaret Anderson-Dolan 1 0 1 1 5 6 1 0 1 0 4/11 15:06 6:28 0:09
Mason Shaw 0 0 0 0 0 4 2 1 0 0 9/13 13:08 1:04 0:00
Matt Luff 0 0 0 0 0 2 3 0 0 0 1/1 10:42 0:09 0:00
Nathan Bastian 0 0 0 0 0 5 2 0 0 0 0/1 18:46 7:37 1:55
Nick Cousins 1 2 3 2 0 4 0 0 0 0 0/2 16:57 6:56 0:00
Noah Juulsen 0 1 1 2 0 2 0 1 0 0 0/0 23:41 7:06 1:56
Otto Koivula 0 0 0 0 0 2 0 0 0 0 1/1 11:26 0:15 0:00
Tyson Foerster 0 0 0 0 0 1 1 1 0 0 1/1 12:16 0:38 0:00
William Borgen 0 0 0 1 0 1 1 1 0 0 0/0 15:06 0:00 2:07
3 Stars
1 - Blake Lizotte (PHI)
2 - Alexander Holtz (PHI)
3 - Nick Cousins (PHI)
Power Play
Newfoundland Shamrocks - 0 on 2 Attempt(s) - 0.00%
Philadelphia Phantoms - 1 on 8 Attempt(s) - 12.50%
Penalty Kill
Newfoundland Shamrocks - 7 on 8 Attempt(s) - 87.50%
- Score 1 goal in Penalty Kill
Philadelphia Phantoms - 2 on 2 Attempt(s) - 100.00%
- Score 0 goal in Penalty Kill
Team Stat
Newfoundland Shamrocks - Hits : 16 - Faceoff Wins : 28 - Blocked Shots : 8 - Penalty Minutes : 36
Philadelphia Phantoms - Hits : 21 - Faceoff Wins : 34 - Blocked Shots : 6 - Penalty Minutes : 24
Official
Referees : Mike Leggo and Dan O'Rourke
Linesman : Kiel Murchison and Don Henderson
Game Notes
Jaret Anderson-Dolan beats up Max Comtois at 0:50 of 2nd period
Louis Domingue enters game at 5:22 of 2nd period
Casey Fitzgerald and Nicolas Deslauriers fight to a draw at 10:40 of 3rd period
Newfoundland Shamrocks
5 vs 5 Forward
Center Left Wing Right Wing Time % Phy DF OF
1 Sean Monahan Denis Gurianov Alex Chiasson 40 1 2 2
2 Raphael Lavoie Max Comtois Nicolas Deslauriers 30 1 2 2
3 Tanner Laczynski Drew O'Connor Riley Barber 20 1 2 2
4 Semyon Der-Arguchintsev Filip Hallander Sam Poulin 10 1 2 2
5 vs 5 Defense
Defense Defense Time % Phy DF OF
1 Jon Merrill Dylan Coghlan 40 1 2 2
2 Alec Regula Ville Heinola 30 1 2 2
3 Jacob Bernard-Docker Wyatte Wylie 20 1 2 2
4 Jon Merrill Dylan Coghlan 10 1 2 2
PowerPlay Forward
Center Left Wing Right Wing Time % Phy DF OF
1 Raphael Lavoie Max Comtois Alex Chiasson 60 1 2 2
2 Semyon Der-Arguchintsev Denis Gurianov Riley Barber 40 1 2 2
PowerPlay Defense
Defense Defense Time % Phy DF OF
1 Sam Poulin Jacob Bernard-Docker 60 1 2 2
2 Nicolas Deslauriers Ville Heinola 40 1 2 2
Penalty Kill 4 Players Forward
Center Wing Time % Phy DF OF
1 Sean Monahan Drew O'Connor 60 1 2 2
2 Tanner Laczynski Filip Hallander 40 1 2 2
Penalty Kill 4 Players Defense
Defense Defense Time % Phy DF OF
1 Jon Merrill Dylan Coghlan 60 1 2 2
2 Wyatte Wylie Alec Regula 40 1 2 2
Penalty Kill - 3 Players Forward
Forward Time % Phy DF OF
1 Sean Monahan 60 1 2 2
2 Tanner Laczynski 40 1 2 2
Penalty Kill - 3 Players Defense
Defense Defense Time % Phy DF OF
1 Jon Merrill Dylan Coghlan 60 1 2 2
2 Alec Regula Wyatte Wylie 40 1 2 2
4 vs 4 Forward
Center Wing Time % Phy DF OF
1 Sean Monahan Alex Chiasson 60 1 2 2
2 Semyon Der-Arguchintsev Denis Gurianov 40 1 2 2
4 vs 4 Defense
Defense Defense Time % Phy DF OF
1 Jon Merrill Dylan Coghlan 60 1 2 2
2 Alec Regula Ville Heinola 40 1 2 2
Last Minutes Offensive
Center Left Wing Right Wing Defense Defense
Raphael Lavoie Max Comtois Sam Poulin Jon Merrill Alec Regula
Last Minutes Defensive
Center Left Wing Right Wing Defense Defense
Tanner Laczynski Alex Chiasson Nicolas Deslauriers Jon Merrill Alec Regula
Goaltenders
Starting : Dustin Tokarski
Backup : Louis Domingue
Extra Forwards
Normal : Max Comtois, Sean Monahan, Denis Gurianov - PP : Sean Monahan, Tanner Laczynski - PK : Nicolas Deslauriers
Extra Defensemen
Normal : Alec Regula, Jon Merrill, Dylan Coghlan - PP : Wyatte Wylie - PK : Ville Heinola, Jacob Bernard-Docker
Penalty Shots
Alex Chiasson, Max Comtois, Nicolas Deslauriers, Riley Barber, Filip Hallander
Philadelphia Phantoms
5 vs 5 Forward
Center Left Wing Right Wing Time % Phy DF OF
1 Blake Lizotte Nick Cousins Alexander Holtz 25 0 3 2
2 Jaret Anderson-Dolan Brett Murray Nathan Bastian 25 0 3 2
3 Mason Shaw Otto Koivula Tyson Foerster 25 0 3 2
4 Alex Steeves Adam Ruzicka Matt Luff 25 0 3 2
5 vs 5 Defense
Defense Defense Time % Phy DF OF
1 Erik Gustafsson Derrick Pouliot 35 0 3 2
2 Brad Hunt Noah Juulsen 35 0 3 2
3 William Borgen Casey Fitzgerald 30 0 3 2
4 Erik Gustafsson Derrick Pouliot 0 0 3 2
PowerPlay Forward
Center Left Wing Right Wing Time % Phy DF OF
1 Jaret Anderson-Dolan Adam Ruzicka Nathan Bastian 50 0 1 4
2 Blake Lizotte Nick Cousins Alexander Holtz 50 0 1 4
PowerPlay Defense
Defense Defense Time % Phy DF OF
1 Erik Gustafsson Derrick Pouliot 50 0 1 4
2 Brad Hunt Noah Juulsen 50 0 1 4
Penalty Kill 4 Players Forward
Center Wing Time % Phy DF OF
1 Blake Lizotte Alexander Holtz 50 0 4 1
2 Alex Steeves Nathan Bastian 50 0 4 1
Penalty Kill 4 Players Defense
Defense Defense Time % Phy DF OF
1 Noah Juulsen Casey Fitzgerald 50 0 4 1
2 Derrick Pouliot William Borgen 50 0 4 1
Penalty Kill - 3 Players Forward
Forward Time % Phy DF OF
1 Blake Lizotte 50 0 5 0
2 Nathan Bastian 50 0 5 0
Penalty Kill - 3 Players Defense
Defense Defense Time % Phy DF OF
1 Noah Juulsen Casey Fitzgerald 55 0 5 0
2 Derrick Pouliot William Borgen 45 0 5 0
4 vs 4 Forward
Center Wing Time % Phy DF OF
1 Blake Lizotte Nick Cousins 50 0 3 2
2 Jaret Anderson-Dolan Nathan Bastian 50 0 3 2
4 vs 4 Defense
Defense Defense Time % Phy DF OF
1 Erik Gustafsson Derrick Pouliot 50 0 3 2
2 Brad Hunt Noah Juulsen 50 0 3 2
Last Minutes Offensive
Center Left Wing Right Wing Defense Defense
Blake Lizotte Nick Cousins Nathan Bastian Erik Gustafsson Derrick Pouliot
Last Minutes Defensive
Center Left Wing Right Wing Defense Defense
Blake Lizotte Alexander Holtz Nathan Bastian Noah Juulsen Casey Fitzgerald
Goaltenders
Starting : Dereck Baribeau
Backup : Connor Ingram
Extra Forwards
Normal : Mason Shaw, Tyson Foerster, Brett Murray - PP : Mason Shaw, Tyson Foerster - PK : Brett Murray
Extra Defensemen
Normal : Derrick Pouliot, Brad Hunt, William Borgen - PP : Derrick Pouliot - PK : Brad Hunt, William Borgen
Penalty Shots
Blake Lizotte, Nick Cousins, Nathan Bastian, Jaret Anderson-Dolan, Alexander Holtz
% Time on Ice - Newfoundland Shamrocks
Lines # - Real PCT - Wanted PCT - Time Play
Normal Forward
1 - 29% - 40% - 11:48
2 - 29% - 30% - 12:10
3 - 25% - 20% - 10:21
4 - 17% - 10% - 7:01
Normal Defense
1 - 39% - 40% - 16:15
2 - 34% - 30% - 14:13
3 - 22% - 20% - 9:05
4 - 4% - 10% - 1:47
PP Forward
1 - 58% - 60% - 2:17
2 - 42% - 40% - 1:41
PP Defense
1 - 65% - 60% - 2:35
2 - 35% - 40% - 1:23
PK Forward
1 - 68% - 60% - 10:01
2 - 32% - 40% - 4:41
PK Defense
1 - 62% - 60% - 9:08
2 - 38% - 40% - 5:34
PK3 Forward
1 - 0% - 60%
2 - 0% - 40%
PK3 Defense
1 - 0% - 60%
2 - 0% - 40%
44 Forward
1 - 0% - 60%
2 - 0% - 40%
44 Defense
1 - 0% - 60%
2 - 0% - 40%
Last Minute Offensive - 0:00
Last Minute Defensive - 0:00
Total
Forward - 60:00
Defense - 60:00
|
% Time on Ice - Philadelphia Phantoms
Lines # - Real PCT - Wanted PCT - Time Play
Normal Forward
1 - 25% - 25% - 10:10
2 - 24% - 25% - 10:00
3 - 27% - 25% - 11:11
4 - 24% - 25% - 9:59
Normal Defense
1 - 35% - 35% - 14:24
2 - 37% - 35% - 15:16
3 - 28% - 30% - 11:39
4 - 0% - 0% - 0:01
PP Forward
1 - 52% - 50% - 7:40
2 - 48% - 50% - 7:02
PP Defense
1 - 52% - 50% - 7:36
2 - 48% - 50% - 7:06
PK Forward
1 - 52% - 50% - 2:03
2 - 48% - 50% - 1:55
PK Defense
1 - 49% - 50% - 1:56
2 - 51% - 50% - 2:02
PK3 Forward
1 - 0% - 50%
2 - 0% - 50%
PK3 Defense
1 - 0% - 55%
2 - 0% - 45%
44 Forward
1 - 0% - 50%
2 - 0% - 50%
44 Defense
1 - 0% - 50%
2 - 0% - 50%
Last Minute Offensive - 0:00
Last Minute Defensive - 0:00
Total
Forward - 60:00
Defense - 60:00
|
Play-by-Play
1st period
0:01 of 1st period - Sean Monahan wins face-off versus Blake Lizotte in neutral zone.
1:01 of 1st period - Snap shot by Drew O'Connor.
1:01 of 1st period - Stopped by Dereck Baribeau with a rebound.
1:05 of 1st period - Wrist shot by Riley Barber.
1:05 of 1st period - Stopped by Dereck Baribeau without a rebound.
1:06 of 1st period - Jaret Anderson-Dolan wins face-off versus Raphael Lavoie in Philadelphia Phantoms zone.
1:06 of 1st period - Jaret Anderson-Dolan is hit by Nicolas Deslauriers.
1:12 of 1st period - Backhand shot by Nathan Bastian.
1:12 of 1st period - Shot Misses the Net.
1:14 of 1st period - Slapshot by Casey Fitzgerald.
1:14 of 1st period - Stopped by Dustin Tokarski without a rebound.
1:15 of 1st period - Raphael Lavoie wins face-off versus Jaret Anderson-Dolan in Newfoundland Shamrocks zone.
1:31 of 1st period - Wrist shot by Nathan Bastian.
1:31 of 1st period - Stopped by Dustin Tokarski with a rebound.
1:33 of 1st period - Snap shot by Brett Murray.
1:33 of 1st period - Stopped by Dustin Tokarski with a rebound.
1:39 of 1st period - Slapshot by Jaret Anderson-Dolan.
1:39 of 1st period - Stopped by Dustin Tokarski with a rebound.
1:41 of 1st period - Slapshot by William Borgen.
1:41 of 1st period - Shot Misses the Net.
1:51 of 1st period - Wrist shot by Jaret Anderson-Dolan.
1:51 of 1st period - Stopped by Dustin Tokarski without a rebound.
1:52 of 1st period - Mason Shaw wins face-off versus Sean Monahan in Newfoundland Shamrocks zone.
4:03 of 1st period - Jon Merrill is hit by Tyson Foerster and loses puck.
4:22 of 1st period - Nicolas Deslauriers is hit by Brett Murray and loses puck.
4:31 of 1st period - Brad Hunt is hit by Max Comtois and loses puck.
4:45 of 1st period - Minor Penalty to Sean Monahan for Hooking.
4:46 of 1st period - Nicolas Deslauriers wins face-off versus Jaret Anderson-Dolan in Newfoundland Shamrocks zone.
4:46 of 1st period - Nicolas Deslauriers is hit by Adam Ruzicka.
4:53 of 1st period - Icing by Erik Gustafsson.
4:54 of 1st period - Nicolas Deslauriers wins face-off versus Jaret Anderson-Dolan in Philadelphia Phantoms zone.
4:55 of 1st period - Snap shot by Drew O'Connor.
4:55 of 1st period - Shot Misses the Net.
5:07 of 1st period - Snap shot by Jaret Anderson-Dolan.
5:07 of 1st period - Stopped by Dustin Tokarski with a rebound.
5:09 of 1st period - Wrist shot by Nathan Bastian.
5:09 of 1st period - Shot Misses the Net.
6:17 of 1st period - Icing by Derrick Pouliot.
6:18 of 1st period - Jaret Anderson-Dolan wins face-off versus Filip Hallander in Philadelphia Phantoms zone.
6:45 of 1st period - Penalty to Sean Monahan is over, Sean Monahan is back on ice.
6:53 of 1st period - Icing by Brad Hunt.
6:54 of 1st period - Sean Monahan wins face-off versus Mason Shaw in Philadelphia Phantoms zone.
6:55 of 1st period - Backhand shot by Denis Gurianov.
6:55 of 1st period - Shot Misses the Net.
6:57 of 1st period - Slapshot by Alex Chiasson.
6:57 of 1st period - Shot Misses the Net.
6:59 of 1st period - Slapshot by Ville Heinola.
6:59 of 1st period - Shot Misses the Net.
7:16 of 1st period - Snap shot by Alex Steeves.
7:16 of 1st period - Shot Misses the Net.
7:18 of 1st period - Slapshot by Noah Juulsen.
7:18 of 1st period - Shot Blocked by Ville Heinola.
7:20 of 1st period - Snap shot by Noah Juulsen.
7:20 of 1st period - Stopped by Dustin Tokarski with a rebound.
7:22 of 1st period - Snap shot by Adam Ruzicka.
7:22 of 1st period - Shot Misses the Net.
7:38 of 1st period - Wrist shot by Riley Barber.
7:38 of 1st period - Stopped by Dereck Baribeau without a rebound.
7:39 of 1st period - Tyson Foerster wins face-off versus Tanner Laczynski in Philadelphia Phantoms zone.
7:44 of 1st period - Snap shot by Drew O'Connor.
7:44 of 1st period - Stopped by Dereck Baribeau without a rebound.
7:45 of 1st period - Sean Monahan wins face-off versus Mason Shaw in Philadelphia Phantoms zone.
7:48 of 1st period - Snap shot by Sean Monahan.
7:48 of 1st period - Stopped by Dereck Baribeau without a rebound.
7:49 of 1st period - Mason Shaw wins face-off versus Sean Monahan in Philadelphia Phantoms zone.
7:56 of 1st period - Snap shot by Otto Koivula.
7:56 of 1st period - Shot Misses the Net.
8:02 of 1st period - Snap shot by Sean Monahan.
8:02 of 1st period - Stopped by Dereck Baribeau with a rebound.
8:04 of 1st period - Slapshot by Dylan Coghlan.
8:04 of 1st period - Shot Blocked by Tyson Foerster.
8:57 of 1st period - Icing by Tanner Laczynski.
8:58 of 1st period - Jaret Anderson-Dolan wins face-off versus Tanner Laczynski in Newfoundland Shamrocks zone.
9:06 of 1st period - Minor Penalty to Casey Fitzgerald for Tripping.
9:07 of 1st period - Blake Lizotte wins face-off versus Alex Chiasson in Philadelphia Phantoms zone.
9:41 of 1st period - Slapshot by Denis Gurianov.
9:41 of 1st period - Shot Misses the Net.
11:00 of 1st period - Icing by Jacob Bernard-Docker.
11:01 of 1st period - Raphael Lavoie wins face-off versus Brett Murray in Newfoundland Shamrocks zone.
11:06 of 1st period - Penalty to Casey Fitzgerald is over, Casey Fitzgerald is back on ice.
11:24 of 1st period - Wrist shot by Jaret Anderson-Dolan.
11:24 of 1st period - Shot Misses the Net.
11:26 of 1st period - Snap shot by Jaret Anderson-Dolan.
11:26 of 1st period - Goal by Jaret Anderson-Dolan - Newfoundland Shamrocks : 0 - Philadelphia Phantoms : 1.
11:27 of 1st period - Alex Steeves wins face-off versus Tanner Laczynski in neutral zone.
11:54 of 1st period - Tyson Foerster is hit by Jon Merrill and loses puck.
11:59 of 1st period - Slapshot by Semyon Der-Arguchintsev.
11:59 of 1st period - Stopped by Dereck Baribeau with a rebound.
12:19 of 1st period - Snap shot by Jaret Anderson-Dolan.
12:19 of 1st period - Shot Misses the Net.
12:21 of 1st period - Minor Penalty to Alec Regula for Cross-checking.
12:22 of 1st period - Sean Monahan wins face-off versus Blake Lizotte in Newfoundland Shamrocks zone.
12:35 of 1st period - Slapshot by Drew O'Connor.
12:35 of 1st period - Shot Misses the Net.
12:51 of 1st period - Snap shot by Adam Ruzicka.
12:51 of 1st period - Stopped by Dustin Tokarski without a rebound.
12:52 of 1st period - Tanner Laczynski wins face-off versus Jaret Anderson-Dolan in Newfoundland Shamrocks zone.
13:19 of 1st period - Blake Lizotte is hit by Tanner Laczynski and loses puck.
13:24 of 1st period - Snap shot by Tanner Laczynski.
13:24 of 1st period - Shot Misses the Net.
14:21 of 1st period - Penalty to Alec Regula is over, Alec Regula is back on ice.
14:34 of 1st period - Brad Hunt is hit by Alec Regula and loses puck.
14:41 of 1st period - Nicolas Deslauriers is hit by Brad Hunt and loses puck.
15:06 of 1st period - Ville Heinola is hit by Brett Murray.
16:50 of 1st period - William Borgen is hit by Sam Poulin and loses puck.
17:09 of 1st period - Raphael Lavoie is hit by Alexander Holtz and loses puck.
17:16 of 1st period - Snap shot by Alexander Holtz.
17:16 of 1st period - Stopped by Dustin Tokarski with a rebound.
17:18 of 1st period - Snap shot by Blake Lizotte.
17:18 of 1st period - Goal by Blake Lizotte - Newfoundland Shamrocks : 0 - Philadelphia Phantoms : 2.
17:19 of 1st period - Alex Steeves wins face-off versus Sean Monahan in neutral zone.
17:44 of 1st period - Jaret Anderson-Dolan is hit by Tanner Laczynski and loses puck.
18:07 of 1st period - Snap shot by Mason Shaw.
18:07 of 1st period - Stopped by Dustin Tokarski with a rebound.
18:09 of 1st period - Snap shot by Mason Shaw.
18:09 of 1st period - Shot Misses the Net.
18:25 of 1st period - Icing by Drew O'Connor.
18:26 of 1st period - Tanner Laczynski wins face-off versus Blake Lizotte in Newfoundland Shamrocks zone.
18:42 of 1st period - Snap shot by Alexander Holtz.
18:42 of 1st period - Shot Misses the Net.
18:52 of 1st period - Alex Chiasson is hit by William Borgen.
19:27 of 1st period - Minor Penalty to Alec Regula for Roughing.
19:28 of 1st period - Blake Lizotte wins face-off versus Sean Monahan in Newfoundland Shamrocks zone.
19:35 of 1st period - Wrist shot by Alexander Holtz.
19:35 of 1st period - Deflect By Nick Cousins.
19:35 of 1st period - Stopped by Dustin Tokarski with a rebound.
19:37 of 1st period - Snap shot by Alexander Holtz.
19:37 of 1st period - Shot Misses the Net.
19:39 of 1st period - Backhand shot by Alexander Holtz.
19:39 of 1st period - Shot Misses the Net.
19:41 of 1st period - Slapshot by Noah Juulsen.
19:41 of 1st period - Shot Blocked by Drew O'Connor.
19:43 of 1st period - Slapshot by Blake Lizotte.
19:43 of 1st period - Shot Misses the Net.
Goals for this period are 0 for Newfoundland Shamrocks vs 2 for Philadelphia Phantoms.
Shots for this period are 7 for Newfoundland Shamrocks vs 13 for Philadelphia Phantoms.
2nd period
0:01 of 2nd period - Blake Lizotte wins face-off versus Sean Monahan in neutral zone.
0:16 of 2nd period - Slapshot by Alexander Holtz.
0:16 of 2nd period - Goal by Alexander Holtz - Newfoundland Shamrocks : 0 - Philadelphia Phantoms : 3.
0:17 of 2nd period - Alex Steeves wins face-off versus Sean Monahan in neutral zone.
0:36 of 2nd period - Jon Merrill is hit by Alex Steeves and loses puck.
0:50 of 2nd period - Jaret Anderson-Dolan beats up Max Comtois.
0:50 of 2nd period - Penalty to Jaret Anderson-Dolan for Fighting.
0:50 of 2nd period - Penalty to Max Comtois for Fighting.
0:50 of 2nd period - Penalty to Max Comtois for instigated a fight.
0:50 of 2nd period - Penalty to Max Comtois for instigated a fight.
0:51 of 2nd period - Sean Monahan wins face-off versus Adam Ruzicka in neutral zone.
2:50 of 2nd period - Penalty to Max Comtois is over, Alex Chiasson is send on ice.
2:58 of 2nd period - Slapshot by Denis Gurianov.
2:58 of 2nd period - Shot Misses the Net.
3:04 of 2nd period - Jacob Bernard-Docker is hit by Matt Luff and loses puck.
4:52 of 2nd period - William Borgen is hit by Sean Monahan and loses puck.
5:11 of 2nd period - Icing by Dylan Coghlan.
5:12 of 2nd period - Raphael Lavoie wins face-off versus Nick Cousins in Newfoundland Shamrocks zone.
5:12 of 2nd period - Raphael Lavoie is hit by Brad Hunt.
5:22 of 2nd period - Wrist shot by Nick Cousins.
5:22 of 2nd period - Goal by Nick Cousins - Newfoundland Shamrocks : 0 - Philadelphia Phantoms : 4.
5:22 of 2nd period - Louis Domingue enters game.
5:23 of 2nd period - Sean Monahan wins face-off versus Mason Shaw in neutral zone.
5:32 of 2nd period - Snap shot by Denis Gurianov.
5:32 of 2nd period - Stopped by Dereck Baribeau without a rebound.
5:33 of 2nd period - Otto Koivula wins face-off versus Sean Monahan in Philadelphia Phantoms zone.
5:58 of 2nd period - Backhand shot by Sean Monahan.
5:58 of 2nd period - Shot Blocked by Mason Shaw.
6:00 of 2nd period - Snap shot by Jon Merrill.
6:00 of 2nd period - Stopped by Dereck Baribeau with a rebound.
6:02 of 2nd period - Slapshot by Sean Monahan.
6:02 of 2nd period - Stopped by Dereck Baribeau without a rebound.
6:03 of 2nd period - Raphael Lavoie wins face-off versus Alex Steeves in Philadelphia Phantoms zone.
7:44 of 2nd period - Snap shot by Semyon Der-Arguchintsev.
7:44 of 2nd period - Stopped by Dereck Baribeau with a rebound.
7:46 of 2nd period - Slapshot by Jon Merrill.
7:46 of 2nd period - Shot Blocked by Erik Gustafsson.
7:48 of 2nd period - Slapshot by Filip Hallander.
7:48 of 2nd period - Shot Blocked by Derrick Pouliot.
7:54 of 2nd period - Slapshot by Sam Poulin.
7:54 of 2nd period - Stopped by Dereck Baribeau without a rebound.
7:55 of 2nd period - Mason Shaw wins face-off versus Raphael Lavoie in Philadelphia Phantoms zone.
7:55 of 2nd period - Mason Shaw is hit by Raphael Lavoie.
8:05 of 2nd period - Wrist shot by Mason Shaw.
8:05 of 2nd period - Stopped by Louis Domingue without a rebound.
8:06 of 2nd period - Alex Steeves wins face-off versus Raphael Lavoie in Newfoundland Shamrocks zone.
8:18 of 2nd period - Icing by Alec Regula.
8:19 of 2nd period - Blake Lizotte wins face-off versus Raphael Lavoie in Newfoundland Shamrocks zone.
8:24 of 2nd period - Snap shot by Alexander Holtz.
8:24 of 2nd period - Goal by Alexander Holtz - Newfoundland Shamrocks : 0 - Philadelphia Phantoms : 5.
8:25 of 2nd period - Mason Shaw wins face-off versus Sean Monahan in neutral zone.
8:29 of 2nd period - Minor Penalty to Sean Monahan for Hooking.
8:30 of 2nd period - Blake Lizotte wins face-off versus Nicolas Deslauriers in Newfoundland Shamrocks zone.
8:44 of 2nd period - Backhand shot by Blake Lizotte.
8:44 of 2nd period - Stopped by Louis Domingue with a rebound.
8:46 of 2nd period - Wrist shot by Nick Cousins.
8:46 of 2nd period - Shot Misses the Net.
8:56 of 2nd period - Slapshot by Nathan Bastian.
8:56 of 2nd period - Shot Misses the Net.
10:28 of 2nd period - Jon Merrill is hit by Erik Gustafsson and loses puck.
10:29 of 2nd period - Penalty to Sean Monahan is over, Sean Monahan is back on ice.
10:33 of 2nd period - Wrist shot by Tyson Foerster.
10:33 of 2nd period - Shot Misses the Net.
10:35 of 2nd period - Wrist shot by Tyson Foerster.
10:35 of 2nd period - Stopped by Louis Domingue with a rebound.
10:37 of 2nd period - Slapshot by William Borgen.
10:37 of 2nd period - Stopped by Louis Domingue without a rebound.
10:38 of 2nd period - Mason Shaw wins face-off versus Nicolas Deslauriers in Newfoundland Shamrocks zone.
11:04 of 2nd period - Snap shot by Adam Ruzicka.
11:04 of 2nd period - Stopped by Louis Domingue without a rebound.
11:05 of 2nd period - Semyon Der-Arguchintsev wins face-off versus Alex Steeves in Newfoundland Shamrocks zone.
11:12 of 2nd period - Wrist shot by Semyon Der-Arguchintsev.
11:12 of 2nd period - Shot Misses the Net.
11:28 of 2nd period - Wyatte Wylie is hit by Nathan Bastian and loses puck.
11:33 of 2nd period - Slapshot by Nathan Bastian.
11:33 of 2nd period - Stopped by Louis Domingue without a rebound.
11:34 of 2nd period - Sean Monahan wins face-off versus Nathan Bastian in Newfoundland Shamrocks zone.
11:59 of 2nd period - Jaret Anderson-Dolan is hit by Jon Merrill and loses puck.
12:46 of 2nd period - Wrist shot by Jaret Anderson-Dolan.
12:46 of 2nd period - Stopped by Louis Domingue with a rebound.
12:48 of 2nd period - Snap shot by Nathan Bastian.
12:48 of 2nd period - Shot Misses the Net.
12:50 of 2nd period - Wrist shot by Nathan Bastian.
12:50 of 2nd period - Shot Misses the Net.
12:52 of 2nd period - Backhand shot by Nathan Bastian.
12:52 of 2nd period - Shot Blocked by Ville Heinola.
13:00 of 2nd period - Snap shot by Jaret Anderson-Dolan.
13:00 of 2nd period - Shot Misses the Net.
13:02 of 2nd period - Wrist shot by Nathan Bastian.
13:02 of 2nd period - Stopped by Louis Domingue with a rebound.
13:04 of 2nd period - Slapshot by Erik Gustafsson.
13:04 of 2nd period - Shot Blocked by Alec Regula.
13:06 of 2nd period - Slapshot by Derrick Pouliot.
13:06 of 2nd period - Stopped by Louis Domingue without a rebound.
13:07 of 2nd period - Blake Lizotte wins face-off versus Raphael Lavoie in Newfoundland Shamrocks zone.
13:08 of 2nd period - Slapshot by Nick Cousins.
13:08 of 2nd period - Stopped by Louis Domingue without a rebound.
13:09 of 2nd period - Blake Lizotte wins face-off versus Raphael Lavoie in Newfoundland Shamrocks zone.
13:10 of 2nd period - Snap shot by Nick Cousins.
13:10 of 2nd period - Shot Misses the Net.
13:22 of 2nd period - Snap shot by Alexander Holtz.
13:22 of 2nd period - Stopped by Louis Domingue with a rebound.
13:34 of 2nd period - Brad Hunt is hit by Drew O'Connor and loses puck.
13:44 of 2nd period - Off-side.
13:45 of 2nd period - Blake Lizotte wins face-off versus Sean Monahan in neutral zone.
13:54 of 2nd period - Snap shot by Denis Gurianov.
13:54 of 2nd period - Stopped by Dereck Baribeau with a rebound.
13:56 of 2nd period - Slapshot by Dylan Coghlan.
13:56 of 2nd period - Shot Misses the Net.
13:58 of 2nd period - Snap shot by Alex Chiasson.
13:58 of 2nd period - Stopped by Dereck Baribeau with a rebound.
14:00 of 2nd period - Slapshot by Dylan Coghlan.
14:00 of 2nd period - Shot Misses the Net.
14:20 of 2nd period - Snap shot by Tanner Laczynski.
14:20 of 2nd period - Shot Misses the Net.
14:31 of 2nd period - Minor Penalty to Ville Heinola for Holding.
14:32 of 2nd period - Sean Monahan wins face-off versus Jaret Anderson-Dolan in Newfoundland Shamrocks zone.
14:48 of 2nd period - Snap shot by Nathan Bastian.
14:48 of 2nd period - Stopped by Louis Domingue with a rebound.
15:50 of 2nd period - 10 Minutes Misconduct Penalty to Max Comtois is over.
16:31 of 2nd period - Penalty to Ville Heinola is over, Ville Heinola is back on ice.
16:38 of 2nd period - Alec Regula is hit by Mason Shaw and loses puck.
16:55 of 2nd period - Otto Koivula is hit by Raphael Lavoie and loses puck.
17:39 of 2nd period - Brett Murray is hit by Nicolas Deslauriers and loses puck.
18:41 of 2nd period - Denis Gurianov is hit by Nathan Bastian and loses puck.
18:54 of 2nd period - Erik Gustafsson is hit by Nicolas Deslauriers and loses puck.
19:33 of 2nd period - Wrist shot by Matt Luff.
19:33 of 2nd period - Shot Misses the Net.
19:35 of 2nd period - Snap shot by Erik Gustafsson.
19:35 of 2nd period - Stopped by Louis Domingue with a rebound.
19:47 of 2nd period - Snap shot by Adam Ruzicka.
19:47 of 2nd period - Stopped by Louis Domingue with a rebound.
19:49 of 2nd period - Snap shot by Erik Gustafsson.
19:49 of 2nd period - Deflect By Drew O'Connor.
19:49 of 2nd period - Stopped by Louis Domingue with a rebound.
19:51 of 2nd period - Snap shot by Matt Luff.
19:51 of 2nd period - Shot Misses the Net.
19:53 of 2nd period - Wrist shot by Alex Steeves.
19:53 of 2nd period - Shot Blocked by Wyatte Wylie.
19:55 of 2nd period - Snap shot by Alex Steeves.
19:55 of 2nd period - Shot Misses the Net.
19:57 of 2nd period - Snap shot by Adam Ruzicka.
19:57 of 2nd period - Shot Misses the Net.
19:59 of 2nd period - Slapshot by Adam Ruzicka.
19:59 of 2nd period - Shot Misses the Net.
Goals for this period are 0 for Newfoundland Shamrocks vs 3 for Philadelphia Phantoms.
Shots for this period are 7 for Newfoundland Shamrocks vs 18 for Philadelphia Phantoms.
3rd period
0:01 of 3rd period - Sean Monahan wins face-off versus Blake Lizotte in neutral zone.
0:03 of 3rd period - Minor Penalty to Dylan Coghlan for Roughing.
0:04 of 3rd period - Sean Monahan wins face-off versus Jaret Anderson-Dolan in Newfoundland Shamrocks zone.
0:32 of 3rd period - Icing by Blake Lizotte.
0:33 of 3rd period - Blake Lizotte wins face-off versus Tanner Laczynski in Philadelphia Phantoms zone.
0:44 of 3rd period - Snap shot by Tanner Laczynski.
0:44 of 3rd period - Deflect By Filip Hallander.
0:44 of 3rd period - Goal by Filip Hallander - Newfoundland Shamrocks : 1 - Philadelphia Phantoms : 5.
0:45 of 3rd period - Sean Monahan wins face-off versus Jaret Anderson-Dolan in neutral zone.
1:12 of 3rd period - Jaret Anderson-Dolan is hit by Ville Heinola and loses puck.
1:23 of 3rd period - Wrist shot by Nathan Bastian.
1:23 of 3rd period - Stopped by Louis Domingue with a rebound.
1:25 of 3rd period - Wrist shot by Nathan Bastian.
1:25 of 3rd period - Shot Misses the Net.
1:27 of 3rd period - Snap shot by Adam Ruzicka.
1:27 of 3rd period - Shot Blocked by Sean Monahan.
1:29 of 3rd period - Snap shot by Nathan Bastian.
1:29 of 3rd period - Shot Blocked by Jon Merrill.
1:37 of 3rd period - Jon Merrill is hit by Jaret Anderson-Dolan and loses puck.
2:03 of 3rd period - Penalty to Dylan Coghlan is over, Dylan Coghlan is back on ice.
2:17 of 3rd period - Minor Penalty to Alec Regula for Holding.
2:18 of 3rd period - Blake Lizotte wins face-off versus Sean Monahan in Newfoundland Shamrocks zone.
2:23 of 3rd period - Backhand shot by Alexander Holtz.
2:23 of 3rd period - Shot Misses the Net.
2:25 of 3rd period - Snap shot by Erik Gustafsson.
2:25 of 3rd period - Stopped by Louis Domingue without a rebound.
2:26 of 3rd period - Sean Monahan wins face-off versus Blake Lizotte in Newfoundland Shamrocks zone.
3:17 of 3rd period - Backhand shot by Wyatte Wylie.
3:17 of 3rd period - Stopped by Dereck Baribeau without a rebound.
3:18 of 3rd period - Jaret Anderson-Dolan wins face-off versus Tanner Laczynski in Philadelphia Phantoms zone.
4:17 of 3rd period - Penalty to Alec Regula is over, Alec Regula is back on ice.
4:31 of 3rd period - Jon Merrill is hit by Mason Shaw and loses puck.
5:05 of 3rd period - Slapshot by Ville Heinola.
5:05 of 3rd period - Deflect By Semyon Der-Arguchintsev.
5:05 of 3rd period - Stopped by Dereck Baribeau with a rebound.
5:17 of 3rd period - Slapshot by Ville Heinola.
5:17 of 3rd period - Stopped by Dereck Baribeau without a rebound.
5:18 of 3rd period - Tanner Laczynski wins face-off versus Blake Lizotte in Philadelphia Phantoms zone.
5:45 of 3rd period - Casey Fitzgerald is hit by Max Comtois.
6:04 of 3rd period - Sean Monahan is hit by Casey Fitzgerald and loses puck.
6:21 of 3rd period - Jon Merrill is hit by Matt Luff and loses puck.
6:52 of 3rd period - Slapshot by Otto Koivula.
6:52 of 3rd period - Stopped by Louis Domingue with a rebound.
6:54 of 3rd period - Snap shot by Tyson Foerster.
6:54 of 3rd period - Shot Misses the Net.
7:08 of 3rd period - Wrist shot by Max Comtois.
7:08 of 3rd period - Shot Misses the Net.
7:10 of 3rd period - Wrist shot by Max Comtois.
7:10 of 3rd period - Stopped by Dereck Baribeau with a rebound.
7:30 of 3rd period - Slapshot by Denis Gurianov.
7:30 of 3rd period - Deflect By Erik Gustafsson.
7:30 of 3rd period - Shot Misses the Net.
7:30 of 3rd period - Puck is out of play.
7:31 of 3rd period - Mason Shaw wins face-off versus Sean Monahan in Philadelphia Phantoms zone.
7:40 of 3rd period - Slapshot by Denis Gurianov.
7:40 of 3rd period - Stopped by Dereck Baribeau with a rebound.
7:45 of 3rd period - Off-side.
7:46 of 3rd period - Raphael Lavoie wins face-off versus Nick Cousins in neutral zone.
7:53 of 3rd period - Slapshot by Alec Regula.
7:53 of 3rd period - Shot Misses the Net.
8:19 of 3rd period - Snap shot by Matt Luff.
8:19 of 3rd period - Stopped by Louis Domingue without a rebound.
8:20 of 3rd period - Blake Lizotte wins face-off versus Sean Monahan in Newfoundland Shamrocks zone.
8:21 of 3rd period - Slapshot by Nick Cousins.
8:21 of 3rd period - Shot Misses the Net.
8:48 of 3rd period - Icing by Mason Shaw.
8:49 of 3rd period - Tanner Laczynski wins face-off versus Mason Shaw in Philadelphia Phantoms zone.
8:50 of 3rd period - Snap shot by Drew O'Connor.
8:50 of 3rd period - Stopped by Dereck Baribeau with a rebound.
9:50 of 3rd period - Snap shot by Mason Shaw.
9:50 of 3rd period - Stopped by Louis Domingue with a rebound.
9:52 of 3rd period - Slapshot by Noah Juulsen.
9:52 of 3rd period - Stopped by Louis Domingue without a rebound.
9:53 of 3rd period - Sean Monahan wins face-off versus Blake Lizotte in Newfoundland Shamrocks zone.
10:40 of 3rd period - Casey Fitzgerald and Nicolas Deslauriers fight to a draw.
10:40 of 3rd period - Penalty to Casey Fitzgerald for Fighting.
10:40 of 3rd period - Penalty to Nicolas Deslauriers for Fighting.
10:40 of 3rd period - Penalty to Casey Fitzgerald for instigated a fight.
10:40 of 3rd period - Penalty to Casey Fitzgerald for instigated a fight.
10:41 of 3rd period - Alex Steeves wins face-off versus Raphael Lavoie in Newfoundland Shamrocks zone.
10:52 of 3rd period - Snap shot by Max Comtois.
10:52 of 3rd period - Stopped by Dereck Baribeau with a rebound.
10:54 of 3rd period - Slapshot by Max Comtois.
10:54 of 3rd period - Stopped by Dereck Baribeau with a rebound.
10:56 of 3rd period - Slapshot by Jacob Bernard-Docker.
10:56 of 3rd period - Stopped by Dereck Baribeau with a rebound.
11:10 of 3rd period - Snap shot by Denis Gurianov.
11:10 of 3rd period - Shot Blocked by William Borgen.
11:12 of 3rd period - Wrist shot by Sam Poulin.
11:12 of 3rd period - Deflect By Riley Barber.
11:12 of 3rd period - Stopped by Dereck Baribeau without a rebound.
11:13 of 3rd period - Raphael Lavoie wins face-off versus Blake Lizotte in Philadelphia Phantoms zone.
11:22 of 3rd period - Wrist shot by Alex Chiasson.
11:22 of 3rd period - Shot Misses the Net.
11:24 of 3rd period - Slapshot by Ville Heinola.
11:24 of 3rd period - Deflect By Raphael Lavoie.
11:24 of 3rd period - Shot Misses the Net.
11:24 of 3rd period - Puck is out of play.
11:25 of 3rd period - Alex Steeves wins face-off versus Raphael Lavoie in Philadelphia Phantoms zone.
11:40 of 3rd period - Slapshot by Sam Poulin.
11:40 of 3rd period - Stopped by Dereck Baribeau with a rebound.
12:40 of 3rd period - Penalty to Casey Fitzgerald is over, Brett Murray is send on ice.
14:14 of 3rd period - Dylan Coghlan is hit by Matt Luff and loses puck.
14:55 of 3rd period - Icing by Alec Regula.
14:56 of 3rd period - Mason Shaw wins face-off versus Semyon Der-Arguchintsev in Newfoundland Shamrocks zone.
15:07 of 3rd period - Slapshot by Ville Heinola.
15:07 of 3rd period - Stopped by Dereck Baribeau with a rebound.
15:09 of 3rd period - Slapshot by Alec Regula.
15:09 of 3rd period - Stopped by Dereck Baribeau without a rebound.
15:10 of 3rd period - Matt Luff wins face-off versus Sean Monahan in Philadelphia Phantoms zone.
16:02 of 3rd period - Wrist shot by Otto Koivula.
16:02 of 3rd period - Stopped by Louis Domingue without a rebound.
16:03 of 3rd period - Mason Shaw wins face-off versus Tanner Laczynski in Newfoundland Shamrocks zone.
16:31 of 3rd period - Slapshot by Erik Gustafsson.
16:31 of 3rd period - Stopped by Louis Domingue with a rebound.
16:33 of 3rd period - Snap shot by Blake Lizotte.
16:33 of 3rd period - Stopped by Louis Domingue without a rebound.
16:34 of 3rd period - Blake Lizotte wins face-off versus Semyon Der-Arguchintsev in Newfoundland Shamrocks zone.
16:35 of 3rd period - Wrist shot by Nick Cousins.
16:35 of 3rd period - Shot Misses the Net.
16:37 of 3rd period - Snap shot by Blake Lizotte.
16:37 of 3rd period - Shot Blocked by Semyon Der-Arguchintsev.
16:39 of 3rd period - Snap shot by Nick Cousins.
16:39 of 3rd period - Shot Misses the Net.
16:41 of 3rd period - Snap shot by Nick Cousins.
16:41 of 3rd period - Stopped by Louis Domingue without a rebound.
16:42 of 3rd period - Sean Monahan wins face-off versus Blake Lizotte in Newfoundland Shamrocks zone.
16:55 of 3rd period - Snap shot by Denis Gurianov.
16:55 of 3rd period - Shot Misses the Net.
16:57 of 3rd period - Snap shot by Denis Gurianov.
16:57 of 3rd period - Stopped by Dereck Baribeau without a rebound.
16:58 of 3rd period - Raphael Lavoie wins face-off versus Alex Steeves in Philadelphia Phantoms zone.
17:25 of 3rd period - Denis Gurianov is hit by Blake Lizotte.
17:31 of 3rd period - Sean Monahan is hit by Blake Lizotte and loses puck.
17:56 of 3rd period - Slapshot by Drew O'Connor.
17:56 of 3rd period - Shot Blocked by Noah Juulsen.
18:12 of 3rd period - Slapshot by Brad Hunt.
18:12 of 3rd period - Shot Misses the Net.
18:20 of 3rd period - Backhand shot by Otto Koivula.
18:20 of 3rd period - Deflect By Mason Shaw.
18:20 of 3rd period - Stopped by Louis Domingue with a rebound.
18:34 of 3rd period - Slapshot by Matt Luff.
18:34 of 3rd period - Stopped by Louis Domingue with a rebound.
19:11 of 3rd period - Slapshot by Erik Gustafsson.
19:11 of 3rd period - Deflect By Jaret Anderson-Dolan.
19:11 of 3rd period - Stopped by Louis Domingue with a rebound.
19:24 of 3rd period - Off-side.
19:25 of 3rd period - Mason Shaw wins face-off versus Raphael Lavoie in neutral zone.
19:38 of 3rd period - Wrist shot by Nicolas Deslauriers.
19:38 of 3rd period - Shot Misses the Net.
Goals for this period are 1 for Newfoundland Shamrocks vs 0 for Philadelphia Phantoms.
Shots for this period are 15 for Newfoundland Shamrocks vs 13 for Philadelphia Phantoms.
Back to the Top